 Dungeon Crawl Stone Soup version 0.29.1-15-g9cfb28693d (webtiles) character file.

Game seed: 591853550722691516

5 Silvore the Trooper (level 1, 0/18 HPs)
             Began as a Demonspawn Monk on Apr 30, 2023.
             Slain by a giant cockroach (1 damage)
             ... on level 1 of the Dungeon.
             The game lasted 00:00:20 (241 turns).

Silvore the Trooper (Demonspawn Monk)                Turns: 241, Time: 00:00:21

Health: 0/18       AC:  2    Str: 11    XL:     1   Next: 66%
Magic:  1/1        EV: 13    Int: 11    God:
Gold:   15         SH:  0    Dex: 15    Spells: 0/0 levels left

rFire   . . .      SeeInvis .   a - +0 hand axe
rCold   . . .      Faith    .   (no shield)
rNeg    . . .      Spirit   .   b - +0 robe
rPois   .          Reflect  .   (no helmet)
rElec   .          Harm     .   (no cloak)
rCorr   .          Rampage  .   (no gloves)
Will    .....                   (no boots)
Stlth   ++........              (no amulet)
HPRegen 0.06/turn               (no ring)
MPRegen 0.07/turn               (no ring)

@: no status effects
A: no striking features
a: no special abilities


You were on level 1 of the Dungeon.
You visited 1 branch of the dungeon, and saw 1 of its levels.

You collected 15 gold pieces.

Inventory:

Hand Weapons
 a - a +0 hand axe (weapon)
Armour
 b - a +0 robe (worn)
Scrolls
 d - a scroll of enchant armour {unknown}
Potions
 c - a potion of ambrosia


   Skills:
 + Level 3.1 Fighting
 + Level 2.7 Axes
 + Level 2.8 Dodging
 + Level 1.8 Stealth


You couldn't memorise any spells.
You didn't know any spells.
Your spell library was empty.

Dungeon Overview and Level Annotations

Branches:
Dungeon (1/15)

Altars:


Message History

The bat moves out of view.
The helpless ball python fails to defend itself.
You hit the ball python.
The ball python is severely wounded.
The ball python bites you. The ball python barely misses you.
The dart slug launches a dart at you. The slug dart hits you.
* * * LOW HITPOINT WARNING * * *
You closely miss the ball python.
The ball python is severely wounded.
The ball python barely misses you. x4
You closely miss the ball python.
The ball python is severely wounded.
The ball python closely misses you. x2
You closely miss the ball python.
The ball python is severely wounded.
You barely miss the giant cockroach. The giant cockroach closely misses you.
The ball python barely misses you. x2; The giant cockroach closely misses you.
You closely miss the ball python.
The ball python is severely wounded.
You hit the giant cockroach. The ball python closely misses you.
The ball python grabs you. The ball python constricts you.
* * * LOW HITPOINT WARNING * * *
The giant cockroach bites you.
* * * LOW HITPOINT WARNING * * *
The ball python barely misses you. The ball python constricts you.
You barely miss the ball python.
The ball python is severely wounded.
You hit the dart slug but do no damage. You closely miss the giant cockroach.
The giant cockroach completely misses you.
The ball python bites you but does no damage.
The ball python constricts you. The dart slug bites you.
* * * LOW HITPOINT WARNING * * *
The giant cockroach bites you but does no damage.
You barely miss the giant cockroach.
The giant cockroach is almost dead.
You hit the dart slug. You hit the ball python.
You kill the ball python!
The giant cockroach bites you.
You die...

#.#####..#.#.....=. .#
#........#.#...........
.........#.#...####...#
..........$.............
...)###)..........!.....
###.......#.#..#........
#.###.#.#.#..........# #
#†#.#.#....w..)..#
....###.#.#.#...@B....#
?...........#..#b!....#
.#.).##..####.......###
..## #..# #........#
...# ##......## ##.#
#.#....# .# #.##...# .#
#. .... ..


You could see a dart slug, a giant cockroach and a bat.

Vanquished Creatures
  A ball python (D:1)
  2 hobgoblins (D:1)
  2 bats (D:1)
  A kobold (D:1)
  A rat (D:1)
7 creatures vanquished.

Notes
Turn   | Place    | Note
-------+----------+-------------------------------------------
     0 | D:1      | Silvore the Demonspawn Monk began the quest for the Orb.
     0 | D:1      | Reached XP level 1. HP: 18/18 MP: 1/1
   241 | D:1      | Slain by a giant cockroach

Illustrated notes

Levels and vault maps discovered:
D:1:      dpeg_arrival_round_a, layout_loops_ring

Action                   || total
-------------------------++-------
Melee: Hand axe          ||    22
 Stab: Sleeping          ||     1
Armor: Robe              ||    19
Dodge: Dodged            ||    37
